AoeStats
← griffin

Four Lakes

507566389Analyzed
1v1 RM · 12d ago on Sep 18, 2026· 37m 31s· 2 players
Game mode
Random Map
Map size
Tiny (2 player)
Population
200
Speed
Normal
Resources
Standard
Victory
Conquest
Starting age
Dark Age
Ending age
Imperial Age
RankedLock teamsTeams togetherTeam positionsShared explorationLock speedFull tech treeHidden civsTurbo modeCheats
Victory
Defeat
🇬🇧 Malay · United Kingdom
1193
+15
🇺🇸 Dravidians · United States
1162
-15
Quilted Codpiece
4:40 Loom
9:59 Feudal Age
14:28 Double-Bit Axe
19:35 Castle Age
18:18 Fishing Lines
21:28 Wheelbarrow
21:23 Bow Saw
24:43 Gillnets
32:11 Imperial Age
29:29 Town Watch
30:55 Thumb Ring
30:52 Horse Collar
32:19 Husbandry
32:15 Fletching
32:26 Padded Archer Armor
32:54 Ballistics
33:01 Medical Corps
34:44 Murder Holes
34:46 Gold Mining
34:47 Elite Elephant Archer
griffin
10:36 Feudal Age
11:43 Loom
15:37 Castle Age
16:36 Double-Bit Axe
17:42 Fishing Lines
20:53 Wheelbarrow
22:45 Gillnets
24:16 Forging
24:11 Scale Barding Armor
25:23 Hand Cart
24:54 Town Watch
26:47 Gold Mining
30:31 Imperial Age
29:39 Husbandry
30:21 Conscription
33:13 Gold Shaft Mining
32:28 Stone Mining
32:32 Elite Battle Elephant
35:32 Iron Casting
35:45 Light Cavalry
37:33 Blast Furnace
Connection lost

Rejoining the realm…

Still unreachable

The connection could not be restored.

Session expired

The server has moved on; the page needs a fresh start.